 Dungeon Crawl Stone Soup version 0.26-a0-712-ga5a9c9c9d0 (webtiles) character file.

Game seed: 15582320075310006621

120 P0NYSLAYSTATION the Slasher (level 5, -3/46 HPs)
             Began as a Hill Orc Monk on Oct 31, 2020.
             Slain by a bullfrog (5 damage)
             ... in a sewer.
             The game lasted 00:05:37 (1688 turns).

P0NYSLAYSTATION the Slasher (Hill Orc Monk)         Turns: 1688, Time: 00:05:39

Health: -3/46      AC:  4    Str: 15    XL:     5   Next: 4%
Magic:  5/5        EV: 12    Int: 10    God:
Gold:   20         SH:  0    Dex: 13    Spells: 4/4 levels left

rFire    . . .     SeeInvis .   a - +0 falchion
rCold    . . .     Faith    .   (no shield)
rNeg     . . .     Spirit   .   j - +0 leather armour
rPois    .         Reflect  .   d - +0 helmet
rElec    .         Harm     .   (no cloak)
rCorr    .         Rampage  .   (no gloves)
MR       .....                  (no boots)
Stlth    +.........             (no amulet)
HPRegen  0.15/turn              (no ring)
MPRegen  0.09/turn              (no ring)

@: hasted, slow
A: no striking features
a: no special abilities


You were in a sewer.
You visited 1 branch of the dungeon, and saw 3 of its levels.
You also visited: Sewer.

You collected 20 gold pieces.

Inventory:

Hand Weapons
 a - a +0 falchion (weapon)
Missiles
 k - 12 poisoned darts (quivered)
Armour
 b - a +0 robe
 d - a +0 helmet (worn)
 j - a +0 leather armour (worn)
Wands
 g - a wand of paralysis (5)
Scrolls
 f - a scroll of identify {unknown}
 i - a scroll of fog {unknown}
 l - a scroll of remove curse {unknown}
 r - a scroll of fear {unknown}
 s - a scroll of teleportation {unknown}
 t - a scroll of magic mapping {unknown}
 u - a scroll of blinking {unknown}
Potions
 c - a potion of cancellation {unknown}
 e - a potion of berserk rage {unknown}
 h - a potion of flight {unknown}
 m - 2 potions of heal wounds {unknown}
 n - a potion of magic {unknown}
 o - a potion of curing {unknown}
 q - a potion of might {unknown}


   Skills:
 + Level 4.2 Fighting
 + Level 4.7 Long Blades
 + Level 1.9 Armour
 + Level 2.9 Dodging
 + Level 1.7 Stealth


You had 4 spell levels left.
You didn't know any spells.
Your spell library was empty.

Dungeon Overview and Level Annotations

Branches:
Dungeon (3/15)              Sewer (1/1)

Altars:


Message History

* * * LOW HITPOINT WARNING * * *
The ball python misses you.
* * * LOW HITPOINT WARNING * * *
The ball python constricts you.
The frilled lizard completely misses you.
You escape the ball python's grasp.
The bullfrog hits you.
* * * LOW HITPOINT WARNING * * *
The bullfrog barely misses you.
You riposte.
You miss the bullfrog.
You enter the shallow water.
Moving in this stuff is going to be slow.
The bullfrog closely misses you. The ball python barely misses you. x2
The bullfrog hits you!
* * * LOW HITPOINT WARNING * * *
The ball python bites you.
* * * LOW HITPOINT WARNING * * *
The ball python closely misses you. The bullfrog barely misses you.
You riposte.
You hit the bullfrog.
The bullfrog is lightly wounded.
The bullfrog hits you.
You die...

###################
###..≈≈≈≈≈≈≈S≈≈≈≈≈≈≈#
##....≈≈≈≈≈≈Fl.≈#
#.....≈≈≈≈≈@SS≈#≈≈≈≈≈≈.
#.....≈≈≈≈≈≈FS≈≈≈≈≈≈#≈.
##.....≈≈≈≈≈≈≈≈≈≈≈≈≈≈≈≈.
#.....#≈≈≈≈≈≈≈≈≈≈≈≈≈≈≈#.
#....##################
##...#### #....#..#
#....'..# #...#####


You could see 2 bullfrogs, an adder, 3 ball pythons and a frilled lizard.

Vanquished Creatures
  3 adders
  4 river rats (Sewer)
  An ooze (Sewer)
  A leopard gecko (D:2)
  4 orcs (D:3)
  10 ball pythons (Sewer)
  2 giant cockroaches (D:3)
  A goblin (D:2)
  2 hobgoblins (D:1)
  A quokka (D:3)
  A bat (D:3)
  2 frilled lizards
  A kobold (D:3)
  25 rats
58 creatures vanquished.

Notes
Turn   | Place    | Note
-------+----------+-------------------------------------------
     0 | D:1      | P0NYSLAYSTATION the Hill Orc Monk began the quest for the
                  | Orb.
     0 | D:1      | Reached XP level 1. HP: 19/19 MP: 1/1
   260 | D:3      | Reached XP level 2. HP: 27/27 MP: 2/2
   539 | D:3      | Found a glowing drain.
   547 | D:3      | Reached XP level 3. HP: 32/33 MP: 3/3
   556 | Sewer    | Entered a sewer
   588 | Sewer    | Reached skill level 1 in Armour
   697 | Sewer    | Reached XP level 4. HP: 11/40 MP: 4/4
  1659 | Sewer    | Reached XP level 5. HP: 46/46 MP: 5/5
  1688 | Sewer    | HP: 2/46 [ball python (1)]
  1688 | Sewer    | Slain by a bullfrog

Illustrated notes

Levels and vault maps discovered:
D:1:      dpeg_arrival_arbitrary_a, layout_basic, minmay_cut_off
D:2:      layout_basic, minmay_heptomino_h4
D:3:      layout_loops_ring, nicolae_overflow_hidden_temple, lemuel_round_altar,
          gup_sewer_entry_glass
Sewer:    sewer_minmay_w

Skill      XL: |  1  2  3 |
---------------+----------+-----
Fighting       | 4 |  4.2
Long Blades    | 4 |  4.7
Armour         | 1 |  1.9
Dodging        | |  2.9
Stealth        | |  1.7

Action                   |  1- 3 |  4- 6 || total
-------------------------+-------+-------++-------
Melee: Falchion          |   102 |    81 ||   183
  Use: Potion            |       |     1 ||     1
 Stab: Sleeping          |     2 |       ||     2
Armor: Robe              |     1 |       ||     1
       Leather armour    |    19 |    31 ||    50
Dodge: Dodged            |    89 |    85 ||   174
       Rpst.: Falchion   |    29 |    30 ||    59

Table legend: (Time is in decaauts)
 A = Elapsed time spent in this place.
 B = Non-inter-level travel time spent in this place.
 C = Inter-level travel time spent in this place.
 D = Time resting spent in this place.
 E = Time spent auto-exploring this place.
 F = Levels seen in this place.
 G = Mean time per level.
                   A        B        C        D        E       F      G
               +--------+--------+--------+--------+--------+-----+--------+
         Total |   1759 |   1759 |      0 |    110 |   1171 |   4 |  439.8 |
       Dungeon |    566 |    566 |      0 |      0 |    346 |   3 |  188.7 |
         Sewer |   1192 |   1192 |      0 |    110 |    825 |   1 | 1192.0 |
               +--------+--------+--------+--------+--------+-----+--------+

Top non-repeatable levels by time:
   Sewer: 1192 daAuts
     D:3: 311 daAuts
     D:1: 136 daAuts
     D:2: 118 daAuts
